[Event "*** Biggest EVER Titled Tuesday"]
[Site "Chess.com"]
[Date "2018.04.17"]
[Round "10"]
[White "twitchTriniCupid"]
[Black "FastChance"]
[Result "0-1"]
[WhiteElo "2186"]
[BlackElo "2666"]
[TimeControl "180+2"]
[EndTime "15:23:44 PDT"]
[Termination "FastChance won by resignation"]

1. d4 e6 2. c4 Bb4+ 3. Nd2 Nf6 4. Nf3 O-O 5. e3 b6 6. Be2 Bb7 7. a3 Be7 8. b4 c5 9. Rb1 cxd4 10. exd4 a5 11.
O-O axb4 12. axb4 Nc6 13. Qb3 Nxb4 14. Ba3 Bxf3 15. Bxf3 Nc6 16. Bxe7 Qxe7 17. Bxc6 dxc6 18. Qxb6 Qd6 19. Nf3 Ne4 20. Qb2 c5 21. Qc2 Nf6 22. Rfd1 cxd4 23. Rxd4 Qc5 24. g3 Rfc8 25. Kg2 h6 26.
Rb7 Qc6 27. Rb3 e5 28. Rd1 e4 29. Nd4 Qxc4 30. Qxc4 Rxc4 31. Nf5 Rc2 32. Ne3 Rc5 33. Rdb1 Kh7 34. R1b2 Ra1 35. Rb1 Ra2 36. R1b2 Rxb2 37.
Rxb2 Kg6 38. Rb6 Kh7 39. Rb7 Kg6 40. Rb6 h5 41. h4 Kh7 42. Rb7 Kg8 43. Rb8+ Kh7 44.
Rb7 Kg6 45. Rb6 Ra5 46. Rd6 Kh6 47. Nc4 Rc5 48. Nd2 Kh7 49. Rd4 Re5 50. Nc4 Re6 51. Ne3 g6 52. Rc4 Kg7 53. Rc5 Nd7 54. Rd5 Ne5 55. Nc2 Nd3 56. Nd4 Rf6 57. f4 Rxf4 58.
Rxh5 Rf2+ 0-1

[Event "*** Biggest EVER Titled Tuesday"]
[Site "Chess.com"]
[Date "2018.04.17"]
[Round "10"]
[White "Jospem"]
[Black "rasmussvane"]
[Result "1/2-1/2"]
[WhiteElo "2691"]
[BlackElo "2651"]
[TimeControl "180+2"]
[EndTime "15:23:47 PDT"]
[Termination "Game drawn by repetition"]

1. e4 c6 2. d4 d5 3. e5 Bf5 4. h4 h5 5. Bd3 Bxd3 6. Qxd3 Qa5+ 7. Nd2 e6 8. Nf3 Nh6 9. O-O Nf5 10. c4 Be7 11. g3 O-O 12. b3 Rd8 13. Bb2 c5 14. cxd5 Rxd5 15. Nc4 Qd8 16. Ne3 Nxe3 17. fxe3 Nc6 18.
Qe4 cxd4 19. exd4 Rc8 20. Rf2 Ra5 21. Nd2 Qd5 22. Qf4 Rf8 23. Nc4 Ra6 24. Ne3 Qb5 25. g4 Nb4 26. a4 Qd3 27. gxh5 Qh7 28. Qg4 Nd3 29. Rg2 Nxb2 30. Rxb2 Rc6 31. Nc4 Rd8 32.
Kh2 Rc7 33. Rg1 Rcd7 34. Rd2 Bb4 35. Rd3 Bf8 36. Rgg3 Bc5 37. Qg5 Bxd4 38. Nd6 f6 39. Qxf6 Rxd6 40. Rxg7+ Qxg7 41. Rg3 Qxg3+ 42. Kxg3 Rd5 43.
Qxe6+ Kh8 44. Qf6+ Kg8 45. Qg6+ Kh8 46. Qh6+ Kg8 47.
Qg6+ Kh8 48. Qf6+ Kg8 49. Qe6+ Kh8 50. Qh6+ Kg8 51. Qg5+ Kh8 52. Qf6+ Kg8 53. Qe6+ Kh8 54. Qf6+ Kg8 55. Qg6+ Kh8 56. Qf6+ 1/2-1/2

[Event "*** Biggest EVER Titled Tuesday"]
[Site "Chess.com"]
[Date "2018.04.17"]
[Round "10"]
[White "jcibarra"]
[Black "KNVB"]
[Result "1-0"]
[WhiteElo "2619"]
[BlackElo "2579"]
[TimeControl "180+2"]
[EndTime "15:23:56 PDT"]
[Termination "jcibarra won by resignation"]

1. e4 b6 2. d4 Bb7 3. Bd3 e6 4. Qe2 d5 5. Nf3 Nf6 6. e5 Ne4 7. O-O c5 8. c4 Be7 9. cxd5 exd5 10. Nc3 Nxc3 11. bxc3 Qc8 12. Ng5 Bxg5 13. Bxg5 h6 14.
Qh5 Ba6 15. e6 O-O 16. Bxa6 Nxa6 17. Be7 Qxe6 18. Bxf8 Rxf8 19. Rfe1 Qd7 20. Re5 Nc7 21. Rae1 cxd4 22. Re7 Qd6 23. cxd4 Ne6 24. Rxa7 Nxd4 25. Rd1 Nc6 26. Rb7 Nb4 27. a3 Na6 28. Qxd5 Qxa3 29.
Rxb6 Nc7 30. Qd6 Qxd6 31. Rdxd6 Ne6 32. g3 g6 33. Rd7 h5 34. h4 Ng7 35. Kg2 Nf5 36.
Rbb7 Kg7 37. Kf3 Nh6 38. Rd4 Ra8 39. Rb3 Rc8 40. Rf4 Rc7 41. Kg2 Rd7 42. Rfb4 Rc7 43.
Rb7 Rc2 44. Rf3 Rc1 45. Rf4 Rc3 46. Kh3 Rc1 47. f3 Rh1+ 48. Kg2 Rc1 49. g4 Rc2+ 50.
Kg3 hxg4 51. fxg4 Rc3+ 52. Rf3 Rc4 53. Rf4 Rc3+ 54. Kf2 Rh3 55. h5 g5 56. Rd4 Rh1 57. Rb5 Rh2+ 58. Kg3 Ra2 59. Rxg5+ Kf6 60. Rgd5 Ra3+ 61.
Rd3 Rxd3+ 62. Rxd3 Kg5 63. Rd5+ f5 64. gxf5 Nxf5+ 65. Kf3 Kf6 66. Kf4 Ng7 67. Rd6+ Ne6+ 68. Kg4 Ke7 69.
Ra6 Kf7 70. h6 Nf8 71. Kh5 Kg8 72. Ra8 Kh7 73. Ra7+ Kh8 74. Rf7 Kg8 75. Rf1 Kh7 76. Rg1 Ne6 77. Rf1 Nf8 78. Rf7+ Kg8 79. Re7 Kh8 80.
Re8 Kh7 81. Rb8 Ng6 82. Rb7+ Kh8 83. Kxg6 1-0

[Event "*** Biggest EVER Titled Tuesday"]
[Site "Chess.com"]
[Date "2018.04.17"]
[Round "10"]
[White "jk13"]
[Black "TastyFrenchFries"]
[Result "0-1"]
[WhiteElo "2518"]
[BlackElo "2370"]
[TimeControl "180+2"]
[EndTime "15:23:56 PDT"]
[Termination "TastyFrenchFries won by resignation"]

1. e4 e6 2. d3 d5 3. Qe2 Be7 4. Nf3 b6 5. g3 Bb7 6. Bg2 Nf6 7.
e5 Nfd7 8. O-O c5 9. c4 d4 10. h4 h6 11. Na3 Nc6 12. Re1 Qb8 13. Nc2 Bd8 14. b4 Bc7 15. bxc5 bxc5 16. Rb1 Ba5 17. Bd2 Qc7 18. Bxa5 Nxa5 19. Qd2 Nc6 20. Qf4 O-O 21. h5 Rab8 22. a3 Na5 23. Nd2 Bxg2 24. Kxg2 Rxb1 25. Nxb1 Rb8 26. Nd2 Rb2 27. Rc1 Qxe5 28. Qf3 Qf5 29. Qa8+ Kh7 30. Ne4 Nb3 31. Nd6 Qf6 32. Qe4+ Kg8 33.
Qb7 Nxc1 34. Qxb2 Nxd3 35. Qb7 Qxf2+ 36. Kh3 Qf1+ 37. Kh2 Qe2+ 38. Kg1 Qd1+ 39. Kg2 Qxc2+ 40. Kg1 Qd1+ 41. Kh2 Qxh5+ 42. Kg1 Qd1+ 43. Kh2 Qe2+ 44. Kh1 Qf1+ 45. Kh2 Qf2+ 46. Kh1 Qe1+ 47. Kh2 Qf2+ 48. Kh3 Nf8 49. Ne4 Qf5+ 50. Kh2 Qh5+ 51. Kg2 Ne1+ 52. Kf2 Nc2 53. Qc6 Qf5+ 54. Kg1 Ne3 55. Nf2 Qb1+ 56. Kh2 Qf1 57. Qf3 Qxc4 58. Ne4 Qd5 59. g4 Qe5+ 60.
Kg1 Ng6 61. Nf2 Nf4 62. Qa8+ Kh7 63. Qxa7 Ne2+ 64. Kh1 Qd5+ 0-1

[Event "*** Biggest EVER Titled Tuesday"]
[Site "Chess.com"]
[Date "2018.04.17"]
[Round "10"]
[White "Cocaino74"]
[Black "Raffael89"]
[Result "0-1"]
[WhiteElo "2157"]
[BlackElo "2121"]
[TimeControl "180+2"]
[EndTime "15:23:57 PDT"]
[Termination "Raffael89 won by resignation"]

1. e4 g6 2. d4 Bg7 3. Nc3 c6 4. f4 d5 5. e5 h5 6. Be3 Nh6 7. Nf3 Bg4 8. h3 Bxf3 9. Qxf3 Nf5 10. Bd3 e6 11. Bf2 h4 12. O-O Kf8 13. Nd1 Nd7 14. Ne3 Nxd4 15. Qd1 Nf5 16. Ng4 Qe7 17. c4 dxc4 18. Bxc4 Nb6 19. Be2 Rd8 20. Qc2 Nd4 21.
Qe4 Nxe2+ 22. Qxe2 Kg8 23. Kh2 Nd5 24. Qe4 Bf8 25. a3 Kg7 26. Bd4 Qc7 27. Rfd1 Be7 28. Bf2 Nb6 29. Rxd8 Qxd8 30. Qe1 Nd5 31. Rd1 Qc7 32. Qe4 Qa5 33. Qc4 Qb5 34. Qd4 Qe2 35. Rd2 Qf1 36. Rd1 Qb5 37. Qxa7 Qxb2 38.
Qd4 Qxd4 39. Rxd4 Ra8 40. a4 c5 41. Rc4 Nb6 42. Rc1 Nxa4 43. Ra1 b5 44. Nf6 Bxf6 45. exf6+ Kxf6 46. Bxc5 Rb8 47. Bf2 g5 48. fxg5+ Kxg5 49. Be3+ Kg6 50. Bf2 Kh5 51. Re1 b4 52.
Re4 b3 53. Rxh4+ Kg6 54. Rg4+ Kh7 55. Rh4+ Kg8 56. Rg4+ Kf8 57. Bd4 b2 58. Bg7+ Ke7 59. Bxb2 Nxb2 60. Rd4 e5 61. Re4 Ke6 0-1

[Event "*** Biggest EVER Titled Tuesday"]
[Site "Chess.com"]
[Date "2018.04.17"]
[Round "10"]
[White "sergeikim"]
[Black "chessking2151"]
[Result "1-0"]
[WhiteElo "2455"]
[BlackElo "2374"]
[TimeControl "180+2"]
[EndTime "15:24:01 PDT"]
[Termination "sergeikim won by resignation"]

1. d4 Nf6 2. c4 g6 3. Nc3 d5 4. cxd5 Nxd5 5. e4 Nxc3 6. bxc3 c5 7. Nf3 Bg7 8. Be2 O-O 9. O-O cxd4 10. cxd4 Bg4 11. Be3 Nc6 12. e5 Qd7 13. Rb1 Rfd8 14. h3 Bf5 15. Rb2 Rac8 16. Qb3 b6 17. Bb5 Be6 18. Qa4 Bd5 19. Nd2 Qe6 20. Ba6 Rb8 21.
Bb5 Na5 22. Rc1 Rbc8 23. Rbc2 Rxc2 24. Rxc2 Bb7 25. Rc7 Qd5 26. Nf3 a6 27. Bf1 Rc8 28. Rxe7 Bc6 29. Qd1 Bf8 30. Ra7 Qxa2 31. Rxa6 Bb7 32.
Ra7 Qd5 33. Ng5 Nc4 34. Qf3 Nxe3 35. fxe3 Qxf3 36. gxf3 Bd5 37. e4 Bb3 38. d5 Rc1 39. Kg2 Bh6 40. h4 Rc2+ 41. Kg3 Bg7 42. f4 Rc3+ 43. Nf3 Bd1 44. Bg2 Bf8 45. d6 Rd3 46.
Kf2 b5 47. Ng5 b4 48. Rb7 b3 49. Nxf7 Rd2+ 50. Ke1 Rxg2 51. Kxd1 b2 52. Ng5 h6 53. Ne6 g5 54. hxg5 hxg5 55. Nxg5 Bh6 56. Rb8+ Kg7 57. d7 Bxg5 58. fxg5 Rg1+ 59. Kc2 Rg2+ 60. Kb1 1-0

[Event "*** Biggest EVER Titled Tuesday"]
[Site "Chess.com"]
[Date "2018.04.17"]
[Round "10"]
[White "Sam_ChessMood"]
[Black "carlesdc96"]
[Result "0-1"]
[WhiteElo "2631"]
[BlackElo "2479"]
[TimeControl "180+2"]
[EndTime "15:24:02 PDT"]
[Termination "carlesdc96 won by resignation"]

1. e4 e6 2. d4 d5 3. exd5 exd5 4. Nf3 Nc6 5. Bb5 Bd7 6. O-O Bd6 7. c4 dxc4 8. Bxc4 Nge7 9. Nc3 O-O 10. Bg5 Kh8 11.
Re1 f6 12. Bh4 Bg4 13. Ne4 Nf5 14. Bg3 Bxg3 15. hxg3 Nfxd4 16. Ned2 Ne5 17. Bf1 Ndxf3+ 18. Nxf3 Qxd1 19. Rexd1 Nxf3+ 20. gxf3 Bxf3 21. Rd7 c5 22. Bg2 Bxg2 23. Kxg2 b6 24. Rad1 Kg8 25. a4 g6 26.
Re1 Rf7 27. Ree7 Rxe7 28. Rxe7 h5 29. b3 Kf8 30. Rh7 Kg8 31. Rb7 g5 32. Kg1 Kf8 33. Kg2 Ke8 34. Rh7 Rd8 35. Rxa7 Rd7 36. Ra8+ Ke7 37. Rb8 Rd6 38. Rh8 Ke6 39. Rxh5 Rd3 40. Rh8 Rxb3 41. Rb8 Rb4 42. f4 gxf4 43. gxf4 Kf5 44.
Kg3 Rb3+ 45. Kf2 c4 46. Rc8 Rb4 47. Rc6 Kxf4 48. Rxf6+ Ke5 49. Rc6 Kd5 50. Rh6 Kc5 51. Rh5+ Kd4 52. a5 bxa5 53. Rxa5 Kd3 54. Rd5+ Kc2 55.
Ke2 c3 56. Rd8 Re4+ 57. Kf3 Re7 58. Rb8 Kc1 59. Kf4 c2 60. Kf5 Rd7 61. Ke6 Rd3 62.
Ke5 Kd2 0-1

[Event "*** Biggest EVER Titled Tuesday"]
[Site "Chess.com"]
[Date "2018.04.17"]
[Round "10"]
[White "Shtembuliak"]
[Black "Dr-Bassem"]
[Result "1-0"]
[WhiteElo "2677"]
[BlackElo "2711"]
[TimeControl "180+2"]
[EndTime "15:24:07 PDT"]
[Termination "Shtembuliak won on time"]

1. c4 f5 2. d4 Nf6 3. Nf3 e6 4. g3 Be7 5. Bg2 O-O 6. O-O d6 7. Nc3 Qe8 8. Re1 Ne4 9. Nxe4 fxe4 10. Ng5 Bxg5 11. Bxg5 Qg6 12. Be3 Nc6 13. Qc2 d5 14. Rac1 a5 15. cxd5 exd5 16. Qb3 Qf7 17. Rc5 Rd8 18.
Rec1 a4 19. Qc3 Bg4 20. Qd2 Rd7 21. f3 exf3 22. exf3 Bf5 23. Bf2 Re8 24. Rb5 Nd8 25. Ra5 Rde7 26. Bf1 c6 27. Rxa4 h5 28. Ra8 Qg6 29.
Re1 Rxe1 30. Bxe1 h4 31. g4 Bxg4 32. fxg4 Qxg4+ 33. Qg2 Qxd4+ 34. Bf2 Qxb2 35. Bxh4 Qd4+ 36. Bf2 Qf6 37. Bb6 Rf8 38. Bc5 Re8 39. Qg4 Re5 40.
Bd4 Rg5 41. Bxf6 Rxg4+ 42. Bg2 gxf6 43. Rxd8+ Kf7 44. Rd7+ Ke6 45. Rxb7 Ra4 46. Rb2 c5 47. Kf2 Ra3 48. Re2+ Kd6 49. h4 c4 50. h5 d4 51. h6 d3 52. h7 dxe2 53. h8=Q Rxa2 54. Qxf6+ Kc5 55. Qe5+ Kb4 56. Ke1 c3 57. Qd4+ 1-0

[Event "*** Biggest EVER Titled Tuesday"]
[Site "Chess.com"]
[Date "2018.04.17"]
[Round "10"]
[White "ChessTrail"]
[Black "TST2014"]
[Result "1-0"]
[WhiteElo "2463"]
[BlackElo "2334"]
[TimeControl "180+2"]
[EndTime "15:24:13 PDT"]
[Termination "ChessTrail won on time"]

1. e4 c5 2. Nf3 Nc6 3. d4 cxd4 4. Nxd4 Nf6 5. Nc3 d6 6. Bg5 e6 7. Qd2 a6 8. O-O-O Bd7 9. f3 b5 10. Nxc6 Bxc6 11. Ne2 Qc7 12. Nd4 Bb7 13. Kb1 Be7 14. Bd3 O-O 15. h4 Rfd8 16. g4 d5 17. e5 Ne8 18. f4 b4 19. f5 Qxe5 20. Bxe7 Qxd4 21. fxe6 Qxg4 22. exf7+ Kxf7 23. Bxd8 Rxd8 24. Rdg1 Qe6 25. Qxb4 Bc6 26. Bxh7 Nf6 27. Bg6+ Kg8 28. h5 d4 29. Rh2 Qe5 30. Qd2 Rb8 31. h6 d3 32. c3 Be4 33. Bxe4 Nxe4 34. Qg2 Nxc3+ 35.
Ka1 Ne2 36. Qxg7+ Qxg7 37. Rxg7+ Kh8 38. Rd7 Rf8 39. a4 Rf1+ 40. Ka2 Rf3 41. Rxe2 dxe2 42. Re7 Rf6 43. h7 e1=Q 44. Rxe1 Kxh7 45. Rg1 Rf4 46.
Ka3 a5 47. Rg5 Rf3+ 48. b3 Rf4 49. Rxa5 Kg7 50. Re5 Kf6 51. Re1 Rf5 52. Re3 Rf4 53. a5 Rf5 54. Ka4 Rf4+ 55. b4 Rf1 56. a6 Ra1+ 57. Kb5 Kf5 58. Kb6 Kf4 59. Re8 Rxa6+ 60. Kxa6 1-0

[Event "*** Biggest EVER Titled Tuesday"]
[Site "Chess.com"]
[Date "2018.04.17"]
[Round "10"]
[White "Arystanner23"]
[Black "Alopekos"]
[Result "1/2-1/2"]
[WhiteElo "2491"]
[BlackElo "2306"]
[TimeControl "180+2"]
[EndTime "15:24:26 PDT"]
[Termination "Game drawn - insufficient material"]

1. Nf3 Nf6 2. g3 d5 3. Bg2 e6 4. O-O Be7 5. d4 O-O 6. b3 a5 7.
a3 a4 8. b4 Nbd7 9. Nbd2 Nb6 10.
Ne5 Nfd7 11. Bb2 Nxe5 12. dxe5 c5 13. bxc5 Bxc5 14. e4 Nc4 15. Nxc4 dxc4 16. Qe2 b5 17.
Kh1 Qb6 18. f4 b4 19. axb4 Bxb4 20. Ba3 Bxa3 21. Rxa3 Qb4 22. Qe3 Rd8 23. f5 Bd7 24. f6 g6 25. h4 Bc6 26. Rf2 Rd1+ 27. Kh2 Re1 28. Qh6 Qf8 29. Qxf8+ Kxf8 30. Rd2 Bxe4 31. Rxa4 Re8 32. Rxc4 Bxg2 33. Kxg2 Rxe5 34. Rc7 Rf5 35.
Rf2 Ra8 36. Rxf5 exf5 37. c4 Ke8 38. Re7+ Kf8 39. Rb7 Ke8 40. c5 Rc8 41. Re7+ Kf8 42. Re5 Rc6 43. Kf3 Rxf6 44. Ke3 Re6 45. Kd4 Ke7 46.
Rd5 Rc6 47. Kc4 Ke6 48. Rd3 f4 49. gxf4 Kf5 50. Rd4 Kg4 51. Kb5 Rc8 52. c6 Kxh4 53. Rd7 f5 54. Rxh7+ Kg4 55. Rg7 Kxf4 56. Rxg6 Ke3 57.
Kb6 f4 58. Kb7 Rf8 59. Re6+ Kd4 60. c7 Rf7 61. Rf6 Rxc7+ 62. Kxc7 Ke3 63. Kd6 f3 64.
Kd5 f2 65. Re6+ Kd2 66. Rf6 Ke2 67. Re6+ Kd2 68. Rf6 Ke2 69. Ke4 f1=Q 70. Rxf1 Kxf1 1/2-1/2

[Event "*** Biggest EVER Titled Tuesday"]
[Site "Chess.com"]
[Date "2018.04.17"]
[Round "10"]
[White "Robert_Chessmood"]
[Black "maciek_92"]
[Result "1-0"]
[WhiteElo "2753"]
[BlackElo "2595"]
[TimeControl "180+2"]
[EndTime "15:24:37 PDT"]
[Termination "Robert_Chessmood won by resignation"]

1. e4 c5 2. Nf3 Nc6 3. d4 cxd4 4.
Nxd4 Nf6 5. Nc3 e5 6. Ndb5 d6 7. Bg5 a6 8. Na3 b5 9. Nd5 Be7 10. Bxf6 Bxf6 11. c3 Bg5 12. Nc2 Ne7 13. a4 bxa4 14.
Ncb4 O-O 15. Rxa4 a5 16. h4 Bh6 17. Nxe7+ Qxe7 18. Nd5 Qb7 19. b3 Bd7 20. Ra2 Be6 21.
Bc4 f5 22. exf5 Rxf5 23. O-O Raf8 24. Rxa5 Kh8 25. Qa1 Qf7 26. Ra8 e4 27. Rxf8+ Qxf8 28. Ne3 Bxc4 29. Nxf5 Bxf1 30. Kxf1 Bf4 31. Nd4 Bg3 32.
Qe1 Bxh4 33. Kg1 d5 34. g3 Bf6 35. Qe3 g6 36. b4 Qc8 37. Ne2 Kg7 38. Nf4 Qc4 39.
Ne6+ Kf7 40. Nf4 Kg7 41. Qa7+ Kh6 42. Qd7 d4 43. Qh3+ Kg7 44. Qd7+ Kh6 45. cxd4 Bxd4 46.
Qh3+ Kg7 47. Qe6 Qxb4 48. Kg2 Bf6 49. Qxf6+ Kxf6 50. Nd5+ Ke5 51. Nxb4 h5 52. Nc2 g5 53. Ne3 Kd4 54. Nf5+ Ke5 55. Ne3 Kd4 56. Kf1 Ke5 57. Ke2 Kd4 58. Nf5+ Ke5 59. Ne3 Kd4 60. Nf1 Ke5 61.
Ke3 h4 62. gxh4 gxh4 63. Nd2 h3 64. Nxe4 h2 65. Ng3 Kf6 66. Kf3 Kg5 67. Kg2 Kg4 68.
Kxh2 Kf3 69. Kg1 1-0

[Event "*** Biggest EVER Titled Tuesday"]
[Site "Chess.com"]
[Date "2018.04.17"]
[Round "10"]
[White "nubair1198"]
[Black "GoingKronos"]
[Result "1-0"]
[WhiteElo "2525"]
[BlackElo "2389"]
[TimeControl "180+2"]
[EndTime "15:24:38 PDT"]
[Termination "nubair1198 won by checkmate"]

1. d4 Nf6 2. c4 e6 3. Nc3 Bb4 4.
e3 b6 5. Ne2 Ba6 6. a3 Be7 7. Nf4 d5 8. cxd5 Bxf1 9. dxe6 Ba6 10. exf7+ Kxf7 11. Qb3+ Ke8 12. Ne6 Qd6 13. e4 Qc6 14. d5 Qc4 15. Qxc4 Bxc4 16. Nxc7+ Kd8 17. Nxa8 Nbd7 18. Bf4 Nc5 19. Bg3 Nh5 20. d6 Bg5 21. Rd1 Nd3+ 22. Rxd3 Bxd3 23. Nc7 Kd7 24. Be5 Nf4 25.
g3 Ng6 26. Bxg7 Rg8 27. Bd4 Kxd6 28. N7b5+ Kd7 29. f4 Be7 30. Kd2 Bc4 31. f5 Bg5+ 32.
Kc2 Ne7 33. Rd1 Kc6 34. Nxa7+ Kb7 35. Nab5 Rd8 36. h4 Bh6 37. g4 Bf4 38. g5 Nc6 39.
Bf2 Re8 40. Nd6+ Bxd6 41. Rxd6 Kc7 42. Bg3 Kb7 43. Rd7+ Ka6 44. Rxh7 Nd4+ 45. Kd2 Rd8 46. Ke3 Nc2+ 47. Kf4 Rd3 48. g6 Nd4 49. h5 Rf3+ 50. Kg4 Rf1 51. Be5 Nf3 52. Bf6 Nd2 53. Re7 Rg1+ 54. Kf4 Rf1+ 55. Kg5 Nf3+ 56. Kh6 Rh1 57. Re8 Nd2 58. g7 Nf3 59. g8=Q Bxg8 60. Rxg8 Nh2 61. e5 Nf3 62. e6 Re1 63. b4 Nh2 64.
Rg7 b5 65. Nd5 Nf3 66. Kh7 Rh1 67. h6 Nd2 68. Bd4 Rxh6+ 69. Kxh6 Nf3 70. Ra7# 1-0

[Event "*** Biggest EVER Titled Tuesday"]
[Site "Chess.com"]
[Date "2018.04.17"]
[Round "10"]
[White "MFBerna"]
[Black "BlackBoarder"]
[Result "1/2-1/2"]
[WhiteElo "2315"]
[BlackElo "2222"]
[TimeControl "180+2"]
[EndTime "15:24:38 PDT"]
[Termination "Game drawn - insufficient material"]

1. d4 e6 2. Nf3 f5 3. Bf4 Nf6 4. e3 b6 5. h3 Bb7 6. Be2 c5 7.
c3 Be7 8. O-O O-O 9. Nbd2 Nc6 10. Ne5 d6 11. Nxc6 Bxc6 12. Bf3 Qc7 13. dxc5 Bxf3 14.
Qxf3 bxc5 15. Nc4 e5 16. Bg5 Ne4 17. Bxe7 Qxe7 18. Rfd1 Qe6 19. Qe2 d5 20. Nd2 c4 21.
Nxe4 fxe4 22. b3 Rac8 23. b4 Rc7 24. Rd2 g6 25. Rad1 Rd7 26. Qg4 Kf7 27. Kh2 h5 28. Qxe6+ Kxe6 29. Kg3 g5 30. f3 exf3 31. gxf3 Rdf7 32.
Rf1 g4 33. hxg4 hxg4 34. f4 Rh8 35. Rh2 Rxh2 36. Kxh2 exf4 37. exf4 Kf5 38. Kg3 Re7 39.
Rd1 Re3+ 40. Kf2 Rxc3 41. Rxd5+ Kxf4 42. Rd4+ Kg5 43. a4 Kh4 44. Rd7 Rc2+ 45. Ke3 Kg3 46. Rxa7 Kg2 47. Rg7 g3 48. a5 Rb2 49. Kf4 Rxb4 50.
Rxg3+ Kf2 51. Ra3 Ke2 52. a6 Rb8 53. Ke4 Kd2 54. Kd4 c3 55. a7 Rd8+ 56. Kc4 c2 57. Ra2 Kd1 58. Rxc2 Kxc2 59. Kb5 Ra8 60. Kb6 Kc3 61. Kb7 Rh8 62. a8=Q Rxa8 63. Kxa8 1/2-1/2

[Event "*** Biggest EVER Titled Tuesday"]
[Site "Chess.com"]
[Date "2018.04.17"]
[Round "10"]
[White "colemman"]
[Black "Anar_Aliakbarov"]
[Result "0-1"]
[WhiteElo "2490"]
[BlackElo "2400"]
[TimeControl "180+2"]
[EndTime "15:24:41 PDT"]
[Termination "Anar_Aliakbarov won by resignation"]

1. d4 d5 2. Nf3 Nf6 3. Nbd2 e6 4. e3 Bd6 5. Bd3 O-O 6. O-O b6 7. e4 dxe4 8. Nxe4 Nxe4 9. Bxe4 c6 10. Ng5 h6 11. Qh5 f5 12. Bd3 hxg5 13. Bxg5 Be7 14. Bxe7 Qxe7 15. Rfe1 Qf7 16. Qf3 Bb7 17. Bc4 Re8 18.
Qb3 Bc8 19. Qf3 a5 20. Re5 g6 21. Rae1 Ra7 22. g4 b5 23. Bd3 Nd7 24. R5e2 Nf6 25.
gxf5 gxf5 26. h3 Nd5 27. Bxf5 Rae7 28. Bg4 Qxf3 29. Bxf3 Nf4 30. Re5 Nxh3+ 31. Kh2 Nf4 32. Bxc6 Rf8 33. Rg1+ Rg7 34. Reg5 Rxg5 35. Rxg5+ Kf7 36.
Rxb5 Rh8+ 37. Kg3 Ne2+ 38. Kg4 Nxd4 39. Rc5 e5+ 40. Kg3 Rg8+ 41. Kh4 Nf5+ 42. Kh3 Kf6 43. Bd5 Ne7+ 44. Kh2 Nxd5 45. Rxd5 Bb7 46. Rd2 Bf3 47. c4 Kf5 48. Rd7 Rg2+ 49. Kh3 Rxf2 50. Kg3 Rf1 51.
Rf7+ Ke4 52. c5 Rg1+ 53. Kh2 Rg2+ 54. Kh3 Rxb2 55. c6 Rc2 56. c7 Ke3 57. Kg3 e4 58. a3 Rg2+ 59. Kh3 Rc2 60. Kg3 Bh1 61. Rh7 Bf3 62.
Re7 Kd4 63. Kf4 Kd5 64. Kf5 Kd6 65. Kf6 Rxc7 66. Re6+ Kd5 67. Re5+ Kd4 68. Rxa5 e3 69. Ra7 Rxa7 0-1

[Event "*** Biggest EVER Titled Tuesday"]
[Site "Chess.com"]
[Date "2018.04.17"]
[Round "10"]
[White "gmjlh"]
[Black "djamir"]
[Result "1/2-1/2"]
[WhiteElo "2585"]
[BlackElo "2631"]
[TimeControl "180+2"]
[EndTime "15:25:02 PDT"]
[Termination "Game drawn - insufficient material"]

1. d4 Nf6 2. c4 e6 3. Nf3 c5 4. e3 d5 5. cxd5 exd5 6. Bb5+ Nc6 7. O-O a6 8. Bxc6+ bxc6 9. dxc5 Bxc5 10. Qc2 Qd6 11.
b3 O-O 12. Bb2 Ba7 13. Be5 Qe6 14. Bd4 Bb8 15. Ng5 Qd6 16. f4 Re8 17. Bxf6 Qxf6 18. Qxh7+ Kf8 19. Nd2 Ba7 20. Kh1 Bf5 21. e4 dxe4 22. Ndxe4 Qxa1 23. Rxa1 Bxh7 24. Nxh7+ Kg8 25. Nhf6+ gxf6 26. Nxf6+ Kg7 27. Nxe8+ Rxe8 28. Rc1 Bd4 29. g3 c5 30. Rc2 Kf6 31. Kg2 Kf5 32. Rd2 Re1 33. Rc2 Ke4 34. Kh3 Kd3 35. Rg2 f5 36. Kh4 Bf6+ 37. Kh5 Ke4 38. Kg6 Bd4 39. Rc2 Kd3 40. Rg2 Ke4 41. Rc2 a5 42. Rg2 Re3 43. Rc2 Re1 44. Rg2 Re3 45. Rc2 Rf3 46. Re2+ Be3 47.
Rc2 Rf2 48. Rxf2 Bxf2 49. g4 fxg4 50. f5 Kf3 51. f6 Bh4 52. Kf5 a4 53. Ke6 axb3 54.
axb3 Bg5 55. Kf5 Bh6 56. Kg6 Bf8 57. Kf7 Bd6 58. Ke6 Bf8 59. Kf7 c4 60. Kxf8 cxb3 61.
Kg7 b2 62. f7 b1=Q 63. f8=Q+ Kg2 64. Qf4 Qb7+ 65. Kh6 Qf3 66. Qc7 g3 67. Qxg3+ Qxg3 68.
hxg3 Kxg3 1/2-1/2

[Event "*** Biggest EVER Titled Tuesday"]
[Site "Chess.com"]
[Date "2018.04.17"]
[Round "10"]
[White "FMJoseHerrera"]
[Black "Manukyan_Artak"]
[Result "0-1"]
[WhiteElo "2436"]
[BlackElo "2358"]
[TimeControl "180+2"]
[EndTime "15:25:02 PDT"]
[Termination "Manukyan_Artak won by resignation"]

1. e4 c6 2. Qe2 d5 3. d3 Nf6 4. Nc3 d4 5. Nd1 e5 6. h3 Bb4+ 7. Bd2 Qb6 8. Nf3 Nbd7 9. g4 h6 10.
Rg1 Bxd2+ 11. Nxd2 Nf8 12. Nc4 Qc7 13. a4 Ne6 14.
Qd2 a5 15. h4 g5 16. f3 Nf4 17. Nf2 Be6 18. Rh1 Bxc4 19. hxg5 Nh7 20. dxc4 Nxg5 21. Be2 O-O-O 22. Nd3 Ng2+ 23. Kd1 Ne3+ 24. Kc1 Nxc4 25. Qe1 f6 26. Nc5 Nd6 27. Ra3 Qb6 28. Nb3 Ne6 29. Nxa5 Nc5 30. Nc4 Nxc4 31. Bxc4 Kc7 32. a5 Qa7 33. Qb4 Ra8 34. Kb1 Kd6 35. Rd1 Ke7 36. c3 Rhd8 37. cxd4 exd4 38. Rh1 d3 39.
Qd2 Ne6 40. Rxh6 Rh8 41. Bxe6 Kxe6 42. Rxd3 Rxh6 43. Qxh6 Qxa5 44. Qd2 Qa1+ 45. Kc2 Qa4+ 46. Kb1 Qa1+ 47. Kc2 Qa4+ 48. Rb3 Qc4+ 49. Qc3 Qe2+ 50. Qd2 Qc4+ 51. Rc3 Qa4+ 52. b3 Qa1 53. Qc1 Qa6 54.
Kb1 Qe2 55. Rc2 Qxf3 56. Qb2 Qd1+ 57. Rc1 Qd3+ 58. Rc2 Qd1+ 59. Rc1 Qxg4 60. Rc2 Qxe4 61. b4 Rd8 62. Qb3+ Rd5 63. Kb2 Qd4+ 64. Ka2 Qd3 65. Rc3 Qd2+ 66. Rc2 Qd3 67. Rc3 Qe2+ 68. Rc2 Qd3 69.
Rc3 Qd4 70. Re3+ Kd7 71. Re2 b5 72. Qh3+ Kd6 73. Qg3+ Re5 74. Qh2 Qc4+ 0-1

[Event "*** Biggest EVER Titled Tuesday"]
[Site "Chess.com"]
[Date "2018.04.17"]
[Round "10"]
[White "Arm-Akiba"]
[Black "GMVallejo"]
[Result "1-0"]
[WhiteElo "2696"]
[BlackElo "2743"]
[TimeControl "180+2"]
[EndTime "15:25:28 PDT"]
[Termination "Arm-Akiba won on time"]

1. d4 e6 2. Nf3 f5 3. g3 Nf6 4.
Bg2 d5 5. O-O Bd6 6. b3 O-O 7. Bb2 b6 8. Ne5 Bb7 9. c4 c6 10. Nd2 Nbd7 11. Nd3 a5 12. a4 Ne4 13. Nf3 Qe7 14. Rc1 Rac8 15. Nfe5 Nxe5 16. Nxe5 Bxe5 17. dxe5 c5 18. f3 Ng5 19. h4 Nf7 20. cxd5 Bxd5 21. e4 fxe4 22. fxe4 Bc6 23. Qg4 Nh6 24. Qe2 Rxf1+ 25.
Rxf1 Rf8 26. Rd1 Nf7 27. Qg4 Rd8 28. Rxd8+ Nxd8 29. Bf1 Qd7 30. Bc3 h6 31. Bc4 Kh7 32. Kf2 Qf7+ 33. Ke3 Qg6 34. Qf4 Kg8 35. g4 Qf7 36. h5 Qxf4+ 37. Kxf4 Bd7 38. Be1 Nf7 39. Bh4 Kf8 40. g5 hxg5+ 41. Bxg5 Nxg5 42. Kxg5 Kg8 43. h6 Kh7 44. Be2 Be8 45. Bg4 Bf7 46. Be2 Bg8 47. Bb5 Bf7 48. Bd7 Kh8 49. Bb5 Kh7 50. Bd7 Kh8 51. hxg7+ Kxg7 52. Bb5 Bg6 53. Bc4 Bf7 54. Bb5 Bg8 55. Bc4 Kf7 56. Kh6 Ke7 57. Kg6 Bf7+ 58. Kg5 Be8 59. Kh6 Bc6 60. Bd3 Bb7 61. Kg5 Bc6 62.
Kg6 Bd7 63. Kg5 Be8 64. Kh6 Kf7 65. Kg5 Kf8 66. Kf6 Bd7 67. Bc4 Ke8 68. Bxe6 Bxe6 69. Kxe6 b5 70. axb5 c4 71. b6 Kd8 72. Kd6 cxb3 73. b7 1-0

[Event "*** Biggest EVER Titled Tuesday"]
[Site "Chess.com"]
[Date "2018.04.17"]
[Round "10"]
[White "SloLev"]
[Black "ArnaudovP"]
[Result "1/2-1/2"]
[WhiteElo "2405"]
[BlackElo "2474"]
[TimeControl "180+2"]
[EndTime "15:25:30 PDT"]
[Termination "Game drawn - insufficient material"]

1. e4 e5 2. Nf3 Nc6 3. d4 exd4 4. Nxd4 Bc5 5. Be3 Qf6 6. c3 Nge7 7. Bc4 O-O 8. O-O b6 9. f4 d5 10. Bxd5 Nxd5 11.
exd5 Ne7 12. Nc2 Ba6 13. Rf3 Rfe8 14. Bxc5 bxc5 15. Ne3 Rad8 16. Na3 Nf5 17. Nxf5 Be2 18. Qc2 Bxf3 19. gxf3 Qg6+ 20. Kh1 Rxd5 21. Ng3 Qxc2 22.
Nxc2 Rd2 23. Rc1 h5 24. Nf1 Rf2 25. Nfe3 Rxf3 26. Re1 Rxf4 27. Kg2 g6 28. Rd1 Re7 29. Rd2 Rfe4 30. Kf3 R7e6 31. Nd5 Kg7 32. Nxc7 Re7 33.
Nd5 Re8 34. b4 cxb4 35. cxb4 Rh4 36. Kg3 Rc4 37. Nce3 Rd8 38. Rb2 Rd4 39. Nf4 Rd2 40.
Rxd2 Rxd2 41. a4 g5 42. Nfd5 Kg6 43. a5 Rb2 44. Kf3 g4+ 45. Kg3 Kg5 46. h4+ gxh3 47. Kxh3 f5 48. Kg3 Rb3 49. Kf3 h4 50. a6 h3 51. Kf2 f4 52. Nf1 Rd3 53. Ne7 Rb3 54.
Nc6 Kg4 55. Nxa7 Rb2+ 56. Kg1 Rxb4 57. Nc6 Ra4 58. a7 Ra2 59. Nh2+ Kg3 60. Nf1+ Kh4 61. Nh2 f3 62. Nxf3+ Kg3 63. Nh2 Rg2+ 64. Kf1 Ra2 65. Kg1 Ra6 66. Nf1+ Kf3 67. Ne5+ Kf4 68. Nc6 Kg4 69.
Ne3+ Kg3 70. Nf1+ Kf3 71. Nh2+ Kf4 72. Nf1 Kg4 73. Kh2 Ra2+ 74. Kg1 Kf4 75. Kh1 Kf3 76. Kg1 Ke4 77. Kh1 Ra1 78. Kg1 Kd5 79. Nb4+ Kc4 80. Nc2 Rxa7 81. Nce3+ Kd3 82. Kh2 Rh7 83. Ng4 Ke2 84.
Ng3+ Kf3 85. Ne5+ Kf4 86. Ng6+ Ke3 87. Ne5 Kd4 88. Nf3+ Kd3 89. Ng5 Rh8 90. Nxh3 Ke3 91. Kg2 Kd4 92. Kf3 Rf8+ 93. Nf4 Ke5 94. Ne2 Rxf4+ 95.
Nxf4 1/2-1/2